 Dungeon Crawl Stone Soup version 0.27.1-4-g1640c2035a (webtiles) character file.

Game seed: 12211801775005737700

32 unlimited1921 the Vexing (level 3, -1/28 HPs)
             Began as a Gnoll Arcane Marksman on Nov 10, 2021.
             Slain by a jackal (2 damage)
             ... on level 1 of the Dungeon.
             The game lasted 00:05:04 (630 turns).

unlimited1921 the Vexing (Gnoll Arcane Marksman)     Turns: 630, Time: 00:05:04

Health: -1/28      AC:  2    Str: 10    XL:     3   Next: 27%
Magic:  7/7        EV: 13    Int: 12    God:
Gold:   54         SH:  0    Dex: 12    Spells: 6/7 levels left

rFire    . . .     SeeInvis .   e - +0 mace
rCold    . . .     Faith    .   (no shield)
rNeg     . . .     Spirit   .   d - +0 robe
rPois    .         Reflect  .   (no helmet)
rElec    .         Harm     .   (no cloak)
rCorr    .         Rampage  .   (no gloves)
Will     .....                  (no boots)
Stlth    +.........             (no amulet)
HPRegen  0.09/turn              (no ring)
MPRegen  0.10/turn              (no ring)

@: no status effects
A: fangs 1, strong nose, distributed training
a: no special abilities


You were on level 1 of the Dungeon.
You visited 1 branch of the dungeon, and saw 1 of its levels.

You collected 54 gold pieces.

Inventory:

Hand Weapons
 a - a +0 hand crossbow
 e - a +0 mace (weapon)
Missiles
 c - 5 bolts
Armour
 d - a +0 robe (worn)
 f - a +0 scale mail
Scrolls
 b - a scroll of magic mapping


   Skills:
 + Level 2.6 Fighting
 + Level 0.7 Short Blades
 + Level 0.7 Long Blades
 + Level 0.7 Axes
 + Level 0.7 Maces & Flails
 + Level 0.7 Polearms
 + Level 0.7 Staves
 + Level 0.7 Slings
 + Level 0.7 Bows
 + Level 4.5 Crossbows
 + Level 0.7 Throwing
 + Level 0.7 Armour
 + Level 4.5 Dodging
 + Level 0.7 Stealth
 + Level 0.7 Shields
 + Level 0.7 Unarmed Combat
 + Level 2.8 Spellcasting
 + Level 0.5 Conjurations
 + Level 5.4 Hexes
 + Level 0.5 Summonings
 + Level 0.5 Necromancy
 + Level 0.5 Translocations
 + Level 0.5 Transmutations
 + Level 0.5 Fire Magic
 + Level 0.5 Ice Magic
 + Level 0.5 Air Magic
 + Level 0.5 Earth Magic
 + Level 0.5 Poison Magic
 + Level 0.9 Invocations
 + Level 0.7 Evocations


You had 6 spell levels left.
You knew the following spells:

 Your Spells              Type           Power      Damage    Failure   Level
a - Corona                Hex            15%        N/A       2%          1

Your spell library contained the following spells:

 Spells                   Type           Power      Damage    Failure   Level
 Slow                     Hex            14%        N/A       4%          2
 Inner Flame              Hex/Fire       8%         N/A       22%         3
 Portal Projectile        Hex/Tloc       16%        N/A       22%         3
 Cause Fear               Hex            7%         N/A       26%         4


Dungeon Overview and Level Annotations

Branches:
Dungeon (1/15)

Altars:


Innate Abilities, Weirdness & Mutations

You have very sharp teeth.
Your uncanny sense of smell can sniff out nearby items.
Your experience applies equally to all skills.


Message History

The jackal barely misses you. The jackal barely misses you.
Casting: Corona (safe; 2% risk of failure)
Confirm with . or Enter, or press ? or * to list all spells.
Okay, then.
The jackal completely misses you. The jackal closely misses you.
The jackal closely misses you. The jackal bites you.
* * * LOW HITPOINT WARNING * * *
The jackal bites you.
* * * LOW HITPOINT WARNING * * *
The jackal misses you.
There is a stone staircase leading down here.
The jackal misses you. The jackal closely misses you. The jackal bites you.
* * * LOW HITPOINT WARNING * * *
Things that are here:
a +0 dagger; 2 stones The jackal bites you.
* * * LOW HITPOINT WARNING * * *
As you read the scroll labelled COSSONGOHOXT, it crumbles to dust.
You feel aware of your surroundings.
It was a scroll of magic mapping.
The jackal barely misses you.
The jackal bites you but does no damage.
Unknown command.
The jackal bites you.
* * * LOW HITPOINT WARNING * * *
The jackal barely misses you. The jackal completely misses you.
The jackal misses you. The jackal barely misses you.
The jackal bites you but does no damage.
The jackal bites you.
* * * LOW HITPOINT WARNING * * *
The jackal bites you.
* * * LOW HITPOINT WARNING * * *
The jackal bites you.
You die...

#.# #.# #
###########.# ###
#.##...##<#g#
#.####....##..##.#
#..##..######..#K#
##....## ###..#.#
#####..####...##h#
# #.......#.##@# #
##.###.#####.#
#**###+# ##.## #.#
##..#*,* #..###.#
')#**,** ##.....#
####### #####.#
†.....# #.#
#....(# #.#
#.###.## #.#


You could see a jackal, a hobgoblin and a kobold.

Vanquished Creatures
  2 dart slugs (D:1)
  A ball python (D:1)
  An endoplasm (D:1)
  A goblin (D:1)
  2 hobgoblins (D:1)
  11 jackals (D:1)
  A kobold (D:1)
  4 bats (D:1)
23 creatures vanquished.

Notes
Turn   | Place    | Note
-------+----------+-------------------------------------------
     0 | D:1      | unlimited1921 the Gnoll Arcane Marksman began the quest for
                  | the Orb.
     0 | D:1      | Reached XP level 1. HP: 17/17 MP: 4/4
   130 | D:1      | Reached XP level 2. HP: 21/23 MP: 3/5
   468 | D:1      | Reached XP level 3. HP: 22/28 MP: 0/7
   627 | D:1      | HP: 1/28 [jackal (2)]
   630 | D:1      | Slain by a jackal

Illustrated notes

Levels and vault maps discovered:
D:1:      dpeg_arrival_round_a, layout_basic

Action                   || total
-------------------------++-------
Melee: Mace              ||     9
       Bite              ||     1
 Fire: Hand crossbow     ||    59
 Cast: Corona            ||    21
  Use: Scroll            ||     1
Armor: Robe              ||    16
Dodge: Dodged            ||    91
